 Dungeon Crawl Stone Soup version 0.31-a0-521-gc7390f8997 (webtiles) character file.

Game seed: 10983002718386907023

49 Shayle the Changeling (level 3, -4/33 HPs)
             Began as an Ogre Shapeshifter on Aug 11, 2023.
             Slain by a scorpion (6 damage)
             ... on level 2 of the Dungeon.
             The game lasted 00:03:21 (1070 turns).

Shayle the Changeling (Ogre Shapeshifter)           Turns: 1070, Time: 00:03:21

Health: -4/33      AC:  3    Str: 19    XL:     3   Next: 77%
Magic:  5/5        EV:  9    Int: 11    God:
Gold:   86         SH:  0    Dex:  9    Spells: 5/5 levels left

rFire   + .          .
                       - Unarmed
rCold   . . .        (no shield)
rNeg    . . .        a - +0 animal skin
rPois   .            (helmet currently unavailable)
rElec   .            (cloak currently unavailable)
rCorr   .            (gloves unavailable)
SInv    .            (boots unavailable)
Will    .....        (no amulet)
Stlth   +            e - ring of protection from fire
HPRegen 0.25/turn    (no ring)
MPRegen 0.09/turn

%: no passive effects
@: lethally poisoned (-4 -> -11), beast-form
A: beast (slay +2), large, unfitting armour, tough skin 1
a: Begin Untransformation


You were on level 2 of the Dungeon.
You were a hulking beast.
You visited 1 branch of the dungeon, and saw 2 of its levels.

You collected 86 gold pieces.

Inventory:

Armour
 a - a +0 animal skin (worn)
Jewellery
 e - a ring of protection from fire (left hand)
 g - a ring of poison resistance
Talismans
 c - a beast talisman (active)
 d - a flux talisman
Scrolls
 f - a scroll of teleportation {unknown}
 h - a scroll of enchant weapon {unknown}
 i - a scroll of revelation {unknown}
 j - a scroll of identify {unknown}
 l - a scroll of blinking {unknown}
Potions
 b - 3 potions of lignification
 k - a potion of might {unknown}
 n - a potion of attraction {unknown}


   Skills:
 - Level 1.3 Fighting
 - Level 1.7 Dodging
 + Level 3.3 Unarmed Combat
 + Level 1.8 Spellcasting
 + Level 3.3 Shapeshifting


You had 5 spell levels left.
You didn't know any spells.
Your spell library contained the following spells:

 Spells                   Type           Power      Damage    Failure   Level
 Ignite Poison            Fire/Tmut/Pois 1%         N/A       65%         3
 Sticky Flame             Conj/Fire      1%         2d3       96%         4
 Ignition                 Fire           0%         3d3       100%        8


Dungeon Overview and Level Annotations

Branches:
Dungeon (2/15)

Altars:


Innate Abilities, Weirdness & Mutations

You are a hulking beast.
Your limbs bulge with bestial killing power. (Slay +2)
You are too large for most types of armour.
You have tough skin. (AC +1)


Message History

You punch the endoplasm!
You kill the endoplasm!
A scorpion comes into view.
Found 10 gold pieces.
Found a stone staircase leading down.
You closely miss the scorpion. The scorpion stings you.
You barely miss the scorpion. The scorpion stings you.
You barely miss the scorpion. The scorpion stings you. x2
You are poisoned.
The scorpion poisons you!
You hit the scorpion but do no damage.
You feel very sick. The scorpion stings you.
You are lethally poisoned!
The scorpion poisons you!
You hit the scorpion.
The scorpion is lightly wounded.
You feel very sick. The scorpion barely misses you.
You hit the scorpion but do no damage.
The scorpion is lightly wounded.
* * * LOW HITPOINT WARNING * * *
You feel very sick. The scorpion stings you.
* * * LOW HITPOINT WARNING * * *
You are more poisoned.
The scorpion poisons you!
It was a potion of curing.
You feel better. The scorpion stings you.
* * * LOW HITPOINT WARNING * * *
Okay, then.
You barely miss the scorpion.
The scorpion is lightly wounded.
The scorpion stings you.
* * * LOW HITPOINT WARNING * * *
You are lethally poisoned!
The scorpion poisons you!
You hit the scorpion but do no damage.
The scorpion is lightly wounded.
* * * LOW HITPOINT WARNING * * *
You feel sick. The scorpion stings you.
You die...

#.# ..# #.# ..> #.# ..
#######.# ..
#.......#########
#.#.#..............†.
#$#.....#############
######.#####.# #
........sh...# #
######.####..# # #. #..#
### # ###+## #..# #.# #
#....# #..#####.# # #....#
#..#.....# # .# #....#
#..#.###.####### .# #....#
#..#.#.......... .#
#####....###..#.#.#.#######


You could see a scorpion.

Vanquished Creatures
  An adder (D:2)
  6 ball pythons
  3 bats (D:1)
  3 endoplasms
  3 giant cockroaches
  6 goblins
  2 hobgoblins (D:1)
  3 jackals (D:2)
  4 kobolds
  2 frilled lizards
  3 rats (D:1)
36 creatures vanquished.

Notes
Turn   | Place    | Note
-------+----------+-------------------------------------------
     0 | D:1      | Shayle the Ogre Shapeshifter began the quest for the Orb.
     0 | D:1      | Reached XP level 1. HP: 19/19 MP: 1/1
     2 | D:1      | Noticed a demonspawn
     4 | D:1      | Noticed a vampire
     4 | D:1      | Noticed a troll
     6 | D:1      | Noticed a human
     6 | D:1      | Noticed a demigod
     8 | D:1      | Noticed a ghoul
     8 | D:1      | Noticed a formicid
    10 | D:1      | Noticed a gargoyle
    10 | D:1      | Noticed a naga
    12 | D:1      | Noticed a minotaur
    12 | D:1      | Noticed a tengu
    14 | D:1      | Noticed an ogre
    14 | D:1      | Noticed an armataur
    16 | D:1      | Noticed a vine stalker
    16 | D:1      | Noticed a merfolk
    18 | D:1      | Noticed a draconian
    18 | D:1      | Noticed an elf
    20 | D:1      | Noticed a felid
    22 | D:1      | Noticed a meteoran
    22 | D:1      | Noticed a spriggan
    24 | D:1      | Noticed a gargoyle
    26 | D:1      | Noticed a draconian
    26 | D:1      | Noticed a troll
   107 | D:1      | Reached XP level 2. HP: 24/27 MP: 1/3
   123 | D:1      | Reached skill level 1 in Spellcasting
   575 | D:1      | You fall into a shaft and drop 1 floor!
   654 | D:1      | Reached XP level 3. HP: 33/33 MP: 5/5
  1058 | D:2      | Noticed a scorpion
  1070 | D:2      | Slain by a scorpion

Illustrated notes

Levels and vault maps discovered:
D:1:      kb_arrival_jail, layout_basic, minmay_pentomino_t4
D:2:      layout_basic, uniq_robin, uniq_jessica

Skill      XL: |  1  2 |
---------------+-------+-----
Spellcasting   | 1 |  1.8
Unarmed Combat | 3 |  3.3
Fighting       | |  1.3
Dodging        | |  1.7
Shapeshifting  | |  3.3

Action                     || total
---------------------------++-------
  Melee: Unarmed           ||    96
         Punch             ||     1
    Use: Potion            ||     1
 Armour: Animal skin       ||    34
  Dodge: Dodged            ||    59

Table legend: (Time is in decaauts)
 A = Elapsed time spent in this place.
 B = Non-inter-level travel time spent in this place.
 C = Inter-level travel time spent in this place.
 D = Time resting spent in this place.
 E = Time spent auto-exploring this place.
 F = Levels seen in this place.
 G = Mean time per level.
                   A        B        C        D        E       F      G
               +--------+--------+--------+--------+--------+-----+--------+
         Total |   1064 |   1046 |     18 |      0 |    748 |   2 |  532.0 |
       Dungeon |   1064 |   1046 |     18 |      0 |    748 |   2 |  532.0 |
               +--------+--------+--------+--------+--------+-----+--------+

Top non-repeatable levels by time:
     D:1: 827 daAuts
     D:2: 236 daAuts
